 Dungeon Crawl Stone Soup version 0.25.0-9-g26727b657a (webtiles) character file.

Game seed: 8355988608957839159

227 xccam the Insei (level 6, -1/38 HPs)
             Began as an Octopode Transmuter on June 17, 2020.
             Slain by a slave (9 damage)
             ... led by Pikel
             ... while paralysed by Pikel
             ... on level 4 of the Dungeon.
             The game lasted 00:04:16 (3881 turns).

xccam the Insei (Octopode Transmuter)               Turns: 3881, Time: 00:04:17

Health: -1/38      AC:  1    Str: 10    XL:     6   Next: 2%
Magic:  4/9        EV:  2    Int: 17    God:
Gold:   177        SH:  0    Dex: 12    Spells: 6/9 levels left

rFire    . . .     SeeInvis .     - Unarmed
rCold    . . .     Gourm    .   (no shield)
rNeg     . . .     Faith    .   p - +0 hat
rPois    .         Spirit   .   (no amulet)
rElec    .         Reflect  .   (no ring)
rCorr    .         Harm     .   (no ring)
MR       .....                  (no ring)
Stlth    ++........             (no ring)
HPRegen  0.12/turn              (no ring)
MPRegen  0.11/turn              (no ring)
                                (no ring)
                                (no ring)

@: paralysed, very slightly contaminated
A: almost no armour, stealthy swim, amphibious, 8 rings, constrict 8, camouflage
1, gelatinous body 1
a: no special abilities


You were on level 4 of the Dungeon.
You were not hungry.

You visited 1 branch of the dungeon, and saw 4 of its levels.

You collected 177 gold pieces.

Inventory:

Missiles
 a - 32 arrows
Armour
 p - a +0 hat (worn)
Wands
 i - a wand of digging (3)
 o - a wand of polymorph (12)
 r - a wand of acid (5)
Scrolls
 b - 2 scrolls of enchant armour {unknown}
 d - 4 scrolls of teleportation {unknown}
 e - 3 scrolls of blinking
 j - 2 scrolls of remove curse {unknown}
 l - 2 scrolls of enchant weapon {unknown}
Potions
 f - a potion of resistance {unknown}
 g - a potion of brilliance {unknown}
 h - 2 potions of magic
 k - a potion of heal wounds
 m - a potion of might {unknown}
 n - 2 potions of degeneration
 q - 2 potions of curing {unknown}
 s - 2 potions of flight {unknown}
Comestibles
 c - 4 rations
 t - a chunk of flesh


   Skills:
 + Level 1.6 Fighting
 + Level 2.4 Dodging
 + Level 6.1 Unarmed Combat
 - Level 2.0 Spellcasting
 - Level 2.0 Transmutations


You had 6 spell levels left.
You knew the following spells:

 Your Spells              Type           Power        Failure   Level  Hunger
a - Beastly Appendage     Tmut           #.....       9%          1    #......
b - Sticks to Snakes      Tmut           #.......     13%         2    ###....

Your spell library contained the following spells:

 Spells                   Type           Power        Failure   Level  Hunger
 Spider Form              Tmut/Pois      #.........   36%         3    ###....
 Ice Form                 Ice/Tmut       #.......     77%         4    #####..
 Blade Hands              Tmut           #.........   93%         5    ######.


Dungeon Overview and Level Annotations

Branches:
Dungeon (4/15)
 Temple: D:4-7

Altars:

Annotations:
D:4 Pikel


Innate Abilities, Weirdness & Mutations

You cannot wear most types of armour.
You are very stealthy in the water. (Stealth+)
You are amphibious.
You can wear up to eight rings at the same time.
You can use your tentacles to constrict eight enemies at once.
Your skin changes colour to match your surroundings (Stealth+).
Your rubbery body absorbs attacks. (AC +1, EV +1)


Message History

Pikel burns you.
You miss Pikel. Your grab misses Pikel.
Pikel is lightly wounded.
You constrict the slave.
Your adder bites the slave.
The slave dies!
Unknown command.
You completely miss Pikel. You grab Pikel. You squeeze Pikel!
Pikel is moderately wounded.
You constrict Pikel, but do no damage.
Your adder bites Pikel.
Pikel is poisoned.
Your adder poisons Pikel!
Pikel zaps a wand.
You suddenly lose the ability to move!
You lose your grip on Pikel.
The slave hits you!
Your adder bites Pikel but does no damage.
Pikel hits you but does no damage.
Your adder bites Pikel but does no damage.
The slave hits you.
* * * LOW HITPOINT WARNING * * *
Pikel zaps a wand.
You shrug off the repeated paralysis!
Your adder closely misses Pikel.
The slave hits you!
You die...

#.......##...##
#.......##...##
##......##....#
#......##....#
........##...##
.......>##...##
..........#
..........#
.......@KS##
.#######p..#
#.......###
#.......#
#.p.....#
#.......#
.K######## #


You could see Pikel (poisoned), a slave and a friendly adder.

Vanquished Creatures
  An orc priest (D:3)
  Terence (D:2)
  Natasha (thrice) (D:2)
  2 adders
  An ooze (D:1)
  2 worms
  2 leopard geckos
  7 orcs (D:3)
  3 ball pythons
  11 bats
  A giant cockroach (D:1)
  8 goblins
  5 hobgoblins
  5 jackals (D:1)
  2 kobolds (D:3)
  A quokka (D:2)
  3 frilled lizards
  8 rats
66 creatures vanquished.

Vanquished Creatures (collateral kills)
  A slave (D:4)
1 creature vanquished.

Grand Total: 67 creatures vanquished

Notes
Turn   | Place    | Note
-------+----------+-------------------------------------------
     0 | D:1      | xccam the Octopode Transmuter began the quest for the Orb.
     0 | D:1      | Reached XP level 1. HP: 13/13 MP: 3/3
   101 | D:1      | Reached XP level 2. HP: 8/18 MP: 3/5
   566 | D:1      | Reached skill level 4 in Unarmed Combat
   572 | D:1      | Reached XP level 3. HP: 21/23 MP: 6/6
   630 | D:1      | Learned a level 2 spell: Sticks to Snakes
  1196 | D:2      | Noticed Natasha
  1202 | D:2      | Killed Natasha
  1202 | D:2      | Reached XP level 4. HP: 28/28 MP: 7/7
  1220 | D:2      | Noticed Natasha
  1226 | D:2      | Killed Natasha
  1226 | D:2      | Reached skill level 5 in Unarmed Combat
  1714 | D:2      | Noticed Terence
  1736 | D:2      | Killed Terence
  1736 | D:2      | Reached XP level 5. HP: 4/33 MP: 1/8
  2281 | D:2      | Noticed Natasha
  2292 | D:2      | Killed Natasha
  2575 | D:3      | Reached skill level 6 in Unarmed Combat
  3668 | D:3      | Reached XP level 6. HP: 25/38 MP: 9/9
  3863 | D:4      | Noticed a slave
  3866 | D:4      | Noticed Pikel
  3876 | D:4      | Noticed a slave
  3878 | D:4      | Killed a slave
  3879 | D:4      | Paralysed by Pikel for 3 turns
  3881 | D:4      | Slain by a slave

Illustrated notes

Levels and vault maps discovered:
D:1:      saegor_arrival_simple_d, layout_loops_ring, minmay_box_of_dots
D:2:      layout_loops_ring, first_ration, solitary_fountain, uniq_natasha,
          uniq_terence
D:3:      layout_basic
D:4:      layout_gridville, nicolae_ru_awakened_eye, serial_shops,
          nicolae_shop_statue_plus, roderic_roman_lattice, uniq_pikel

Skill      XL: |  1  2  3  4  5 |
---------------+----------------+-----
Unarmed Combat | 4 5 6 |  6.1
Fighting       | |  1.6
Dodging        | |  2.4
Spellcasting   | |  2.0
Transmutations | |  2.0

Action                   |  1- 3 |  4- 6 || total
-------------------------+-------+-------++-------
Melee: Unarmed           |    64 |   107 ||   171
       Constrict         |    17 |    32 ||    49
       Tentacles         |    12 |    18 ||    30
       Kick              |     1 |     3 ||     4
       Punch             |       |     4 ||     4
 Cast: Beastly Appendage |     1 |     2 ||     3
       Sticks to Snakes  |       |     7 ||     7
  Use: Scroll            |       |     3 ||     3
 Stab: Sleeping          |     3 |     6 ||     9
  Eat: Chunk             |     1 |     9 ||    10
Armor: Skin              |    12 |     8 ||    20
Dodge: Dodged            |    47 |    54 ||   101
